 Dungeon Crawl Stone Soup version 0.30-a0-587-gfd7c166f36 (webtiles) character file.

Game seed: 6235044191911312089

247 Citaku the Covered (level 5, -3/47 HPs)
             Began as a Minotaur Fighter on Jan 4, 2023.
             Killed by nerve-wracking pain
             ... invoked by an orc priest
              (7 damage)
             ... on level 3 of the Dungeon.
             The game lasted 00:03:16 (1488 turns).

Citaku the Covered (Minotaur Fighter)               Turns: 1488, Time: 00:03:17

Health: -3/47      AC: 11    Str: 23    XL:     5   Next: 85%
Magic:  4/4        EV:  9    Int: 11    God:
Gold:   135        SH:  4    Dex:  9    Spells: 4/4 levels left

rFire   . . .      SeeInvis .    a - +0 war axe
rCold   . . .      Faith    .    c - +0 buckler
rNeg    . . .      Spirit   .    b - +0 scale mail
rPois   .          Reflect  .    (helmet restricted)
rElec   .          Harm     .    (no cloak)
rCorr   .          Rampage  .    (no gloves)
Will    .....                    (no boots) Stlth
                                 (no amulet)
HPRegen 0.27/turn                n - +6 ring of intelligence
MPRegen 0.09/turn                q - +4 ring of protection

@: slowed, very slow
A: horns 2, retaliatory headbutt
a: no special abilities


You were on level 3 of the Dungeon.
You visited 1 branch of the dungeon, and saw 3 of its levels.

You collected 135 gold pieces.

Inventory:

Hand Weapons
 a - a +0 war axe (weapon)
Armour
 b - a +0 scale mail (worn)
 c - a +0 buckler (worn)
Jewellery
 n - a +6 ring of intelligence (left hand)
 q - a +4 ring of protection (right hand)
Scrolls
 e - 2 scrolls of vulnerability {unknown}
 f - a scroll of magic mapping {unknown}
 h - 3 scrolls of identify {unknown}
 j - a scroll of silence {unknown}
 m - a scroll of poison {unknown}
 o - 3 scrolls of noise {unknown}
 p - a scroll of enchant weapon {unknown}
 r - a scroll of teleportation {unknown}
 s - a scroll of brand weapon {unknown}
Potions
 d - 2 potions of might
 g - 2 potions of degeneration {unknown}
 i - a potion of magic {unknown}
 k - a potion of flight {unknown}
 l - a potion of haste {unknown}


   Skills:
 + Level 4.6 Fighting
 * Level 4.6 Axes
 * Level 5.5 Armour
 + Level 4.6 Shields


You had 4 spell levels left.
You didn't know any spells.
Your spell library was empty.

Dungeon Overview and Level Annotations

Branches:
Dungeon (3/15)

Altars:


Innate Abilities, Weirdness & Mutations

You have a pair of horns on your head.
You reflexively headbutt those who attack you in melee.


Message History

Beogh smites you!
An orc priest comes into view. It is wielding a +0 flail.
An orc priest comes into view. It is wielding a +0 hand axe.
An orc comes into view. It is wielding a +0 mace.
You hear a shout!
You hear a shout!
The orc priest barely misses you.
The orc priest hits you but does no damage.
An orc comes into view. It is wielding a +0 short sword.
An orc comes into view. It is wielding a +0 trident.
The orc shouts!
You hear a shout!
The orc priest invokes the aid of Beogh against you.
Beogh smites you! The orc misses you.
The orc priest looks satisfied for a moment.
The orc moves out of view.
You slice the orc!!
You kill the orc!
You slash the orc priest! The orc priest misses you.
The orc priest mumbles some strange prayers to Beogh against you.
Beogh smites you!
* * * LOW HITPOINT WARNING * * *
The orc priest barely misses you. The orc hits you but does no damage.
You barely miss the orc. You barely miss the orc priest.
The orc priest closely misses you. The orc hits you with a +0 club.
* * * LOW HITPOINT WARNING * * *
The orc hits you with a +0 club.
* * * LOW HITPOINT WARNING * * *
The orc priest barely misses you. You furiously retaliate!
You headbutt the orc priest. You hit the orc.
The orc is severely wounded.
You barely miss the orc priest.
You feel a little less mighty now.
The orc priest miscasts a cantrip. x2
The orc priest hits you with a +0 trident.
* * * LOW HITPOINT WARNING * * *
You block the orc's attack.
The orc priest invokes the aid of Beogh against you.
Pain shoots through your body!
You die... ~...~..## .......# .. ...... #. ..... #. ~.o# #.## oo#

#..#########o#
#####.........o@####
##...#................#
........#############.#
......#).....#
##'##.#......#
#.(.#.#......#
#♣8♣#.#......#
#####.#........
.#..#.#...(..##


You could see 2 orc priests and 3 orcs.

Vanquished Creatures
  The ghost of Bnni the Vexing, an amateur FoHs (D:3)
  An adder (D:2)
  A worm (D:2)
  A dart slug (D:2)
  An orc (D:3)
  6 endoplasms
  3 giant cockroaches (D:1)
  4 hobgoblins
  2 jackals (D:2)
  5 kobolds
  5 quokkas
  4 ball pythons
  A bat (D:2)
  4 frilled lizards
  2 goblins (D:2)
  2 rats
43 creatures vanquished.

Vanquished Creatures (others)
  A plant (D:1)
1 creature vanquished.

Grand Total: 44 creatures vanquished

Notes
Turn   | Place    | Note
-------+----------+-------------------------------------------
     0 | D:1      | Citaku the Minotaur Fighter began the quest for the Orb.
     0 | D:1      | Reached XP level 1. HP: 19/19 MP: 0/0
   169 | D:1      | Reached XP level 2. HP: 27/27 MP: 1/1
   229 | D:1      | Reached skill level 4 in Armour
   800 | D:2      | Reached XP level 3. HP: 33/33 MP: 2/2
  1445 | D:3      | Found a runed translucent door.
  1445 | D:3      | Noticed Bnni's ghost (amateur FoHs)
  1456 | D:3      | Killed Bnni's ghost
  1457 | D:3      | Reached skill level 5 in Armour
  1457 | D:3      | Reached XP level 4. HP: 40/41 MP: 3/3
  1457 | D:3      | Reached XP level 5. HP: 46/47 MP: 4/4
  1488 | D:3      | Killed from afar by an orc priest

Illustrated notes

Levels and vault maps discovered:
D:1:      beargit_arrival_greenhouse, layout_loops_ring, serial_bayou_pond_c,
          patterned_corridor
D:2:      layout_basic, serial_park_tiny_1
D:3:      cheibrodos_pilgrimage, layout_basic,
          shapermc_ecumenical_altar_hornbeckon, gammafunk_ghost_grave,
          st_stairs_3

Skill      XL: |  1  2  3 |
---------------+----------+-----
Armour         | 4 5 |  5.5
Axes           | 3 4 |  4.6
Shields        | 4 |  4.6
Fighting       | 4 |  4.6

Action                   |  1- 3 |  4- 6 || total
-------------------------+-------+-------++-------
Melee: War axe           |    75 |     5 ||    80
       Headbutt          |    11 |     1 ||    12
  Use: Potion            |     1 |       ||     1
Armor: Scale mail        |    39 |     4 ||    43
Dodge: Dodged            |    37 |     6 ||    43
Block: Buckler           |    19 |     1 ||    20

Table legend: (Time is in decaauts)
 A = Elapsed time spent in this place.
 B = Non-inter-level travel time spent in this place.
 C = Inter-level travel time spent in this place.
 D = Time resting spent in this place.
 E = Time spent auto-exploring this place.
 F = Levels seen in this place.
 G = Mean time per level.
                   A        B        C        D        E       F      G
               +--------+--------+--------+--------+--------+-----+--------+
         Total |   1541 |   1541 |      0 |      0 |   1101 |   3 |  513.7 |
       Dungeon |   1541 |   1541 |      0 |      0 |   1101 |   3 |  513.7 |
               +--------+--------+--------+--------+--------+-----+--------+

Top non-repeatable levels by time:
     D:1: 800 daAuts
     D:2: 531 daAuts
     D:3: 209 daAuts
